BSA
IRVINE GANG GREEN @ NEVADA NOISE
08/02/2029
 
TOP OF THE 1ST
Irvine Gang Green batting - Pitching for Nevada Noise : RHP Cliff Long
Pitching: RHP Cliff Long
Batting: LHB Leonardo Medina 0-0: Swinging Strike
0-1: Ball
1-1: Ball
2-1: Ball
3-1: Base on Balls
Batting: LHB Tony Tavárez 0-0: Ball
1-0: Sac Bunt - play at first, batter OUT! 3-4
Leonardo Medina to second
Batting: RHB Buck Jones 0-0: Swinging Strike
0-1: Foul Ball, location: 2F
0-2: Ball
1-2: SINGLE (Line Drive, 4M)
Leonardo Medina to third
Batting: LHB Víctor Quiñones 0-0: Called Strike
0-1: Ball
Pickoff Throw to First - Out!
1-1: 2-RUN HOME RUN (Flyball, 8LXD), Distance : 440 ft
Batting: RHB Tyler Wagner 0-0: Called Strike
0-1: Swinging Strike
0-2: Strikes out looking
Top of the 1st over - 2 runs, 2 hits, 0 errors, 0 left on base; Irvine 2 - Nevada 0
BOTTOM OF THE 1ST
Nevada Noise batting - Pitching for Irvine Gang Green : RHP Dae-ho Kim
Pitching: RHP Dae-ho Kim
Batting: RHB Pedro Rosado 0-0: Called Strike
0-1: Foul Ball, location: 2F
0-2: Foul Ball, location: 2F
0-2: Ball
1-2: Ball
2-2: Foul Ball, location: 2F
2-2: Strikes out looking
Batting: SHB Víctor Serrano 0-0: Ball
1-0: Ball
2-0: Ball
3-0: Base on Balls
Batting: LHB Santiago Márquez 0-0: Swinging Strike
0-1: Ball
1-1: Foul Ball, location: 2F
1-2: Grounds into double play, 5-4-3 (Groundball, 5)
Bottom of the 1st over - 0 runs, 0 hits, 0 errors, 0 left on base; Irvine 2 - Nevada 0
TOP OF THE 2ND
Irvine Gang Green batting - Pitching for Nevada Noise : RHP Cliff Long
Batting: RHB José Salazar 0-0: Foul Ball, location: 2F
0-1: Ball
1-1: Called Strike
1-2: Ball
2-2: Fly out, F9 (Flyball, 89S)
Batting: LHB Dave Gordon 0-0: Called Strike
0-1: Ball
1-1: Ground out U3 (Groundball, 3S)
Batting: LHB José Sánchez 0-0: Ball
1-0: Foul Ball, location: 2F
1-1: Called Strike
1-2: Ground out 4-3 (Groundball, 4M)
Top of the 2nd over - 0 runs, 0 hits, 0 errors, 0 left on base; Irvine 2 - Nevada 0
BOTTOM OF THE 2ND
Nevada Noise batting - Pitching for Irvine Gang Green : RHP Dae-ho Kim
Batting: RHB Luis Cruz 0-0: Ball
1-0: Ball
2-0: SINGLE (Groundball, 6MD)
Batting: LHB Milton Watson 0-0: Ball
Luis Cruz is caught stealing 2nd base
1-0: Swinging Strike
1-1: Called Strike
1-2: Foul Ball, location: 2F
1-2: Foul Ball, location: 2F
1-2: Strikes out swinging
Batting: RHB Rich Ruffin 0-0: Swinging Strike
0-1: Foul Ball, location: 2F
0-2: Foul Ball, location: 2F
0-2: SINGLE (Groundball, 6MD)
Batting: RHB Fernando Gálvez 0-0: Called Strike
0-1: Ball
1-1: Foul Ball, location: 2F
1-2: Ball
2-2: Strikes out swinging
Bottom of the 2nd over - 0 runs, 2 hits, 0 errors, 1 left on base; Irvine 2 - Nevada 0
TOP OF THE 3RD
Irvine Gang Green batting - Pitching for Nevada Noise : RHP Cliff Long
Batting: SHB Carlos Córdova 0-0: Foul Ball, location: 2F
0-1: Foul Ball, location: 2F
0-2: Foul Ball, location: 2F
0-2: Ball
1-2: Foul Ball, location: 2F
1-2: Ball
2-2: Foul Ball, location: 2F
2-2: Foul Ball, location: 2F
2-2: Ground out 4-3 (Groundball, 4D)
Batting: LHB Leonardo Medina 0-0: Ball
1-0: Ball
2-0: Swinging Strike
2-1: Ground out 1-3 (Groundball, 13S)
Batting: LHB Tony Tavárez 0-0: Ball
1-0: Called Strike
1-1: Foul Ball, location: 2F
1-2: Foul Ball, location: 2F
1-2: Foul Ball, location: 2F
1-2: Ball
2-2: Ball
3-2: Foul Ball, location: 2F
3-2: SINGLE (Groundball, 34) (infield hit)
Batting: RHB Buck Jones 0-0: Ball
1-0: Called Strike
Tony Tavárez steals 2nd base
1-1: Fly out, F8 (Flyball, 8LM)
Top of the 3rd over - 0 runs, 1 hit, 0 errors, 1 left on base; Irvine 2 - Nevada 0
BOTTOM OF THE 3RD
Nevada Noise batting - Pitching for Irvine Gang Green : RHP Dae-ho Kim
Batting: RHB Bill Mark 0-0: Called Strike
0-1: Ball
1-1: Called Strike
1-2: Fly out, F9 (Flyball, 9S)
Batting: RHB Max Jones 0-0: Called Strike
0-1: Swinging Strike
0-2: Strikes out looking
Batting: RHB Pedro Rosado 0-0: Foul Ball, location: 2F
0-1: Ball
1-1: Ball
2-1: Foul Ball, location: 2F
2-2: SINGLE (Groundball, 4MD)
Batting: SHB Víctor Serrano 0-0: Called Strike
0-1: Ball
1-1: Ball
2-1: Ball
3-1: Base on Balls
Pedro Rosado to second
Batting: LHB Santiago Márquez 0-0: Foul Ball, location: 2F
0-1: Foul Ball, location: 2F
0-2: DOUBLE (Flyball, 8RXD)
Pedro Rosado scores
Víctor Serrano to third
Runner from 3rd tries for Home, SAFE, no throw
Batting: RHB Luis Cruz 0-0: Called Strike
0-1: Foul Ball, location: 2F
0-2: Ball
1-2: Ball
2-2: Ball
3-2: 2-RUN HOME RUN (Line Drive, 78XD), Distance : 413 ft
Batting: LHB Milton Watson 0-0: Ball
1-0: Foul Ball, location: 2F
1-1: Ball
2-1: Called Strike
2-2: DOUBLE (Line Drive, 7LM)
Batting: RHB Rich Ruffin 0-0: DOUBLE (Line Drive, 89S)
Milton Watson scores
Batting: RHB Fernando Gálvez 0-0: 2-RUN HOME RUN (Flyball, 78XD), Distance : 393 ft
Batting: RHB Bill Mark 0-0: Ball
1-0: SINGLE (Line Drive, 78S)
Batting: RHB Max Jones 0-0: Called Strike
0-1: Ball
1-1: Ball
2-1: Fielders Choice at 2nd, 6-4 (Groundball, 6)
Bottom of the 3rd over - 7 runs, 7 hits, 0 errors, 1 left on base; Irvine 2 - Nevada 7
TOP OF THE 4TH
Irvine Gang Green batting - Pitching for Nevada Noise : RHP Cliff Long
Batting: LHB Víctor Quiñones 0-0: Ball
1-0: Called Strike
1-1: Called Strike
1-2: Ball
2-2: Foul Ball, location: 2F
2-2: Strikes out swinging
Batting: RHB Tyler Wagner 0-0: Foul Ball, location: 2F
0-1: Foul Ball, location: 2F
0-2: Ball
1-2: Foul Ball, location: 2F
1-2: Fly out, F9 (Flyball, 9S)
Batting: RHB José Salazar 0-0: Ball
1-0: SINGLE (Line Drive, 56)
Batting: LHB Dave Gordon 0-0: Ball
1-0: Ball
2-0: Foul Ball, location: 2F
2-1: Swinging Strike
2-2: DOUBLE (Line Drive, 78D)
José Salazar to third
Runner from 3rd tries for Home, SAFE, no throw
Batting: LHB José Sánchez 0-0: Ball
1-0: Ball
2-0: Called Strike
2-1: 2-RUN HOME RUN (Flyball, 9LD), Distance : 383 ft
Batting: SHB Carlos Córdova 0-0: Ball
1-0: Ground out 6-3 (Groundball, 6M)
Top of the 4th over - 3 runs, 3 hits, 0 errors, 0 left on base; Irvine 5 - Nevada 7
BOTTOM OF THE 4TH
Nevada Noise batting - Pitching for Irvine Gang Green : RHP Dae-ho Kim
Batting: RHB Pedro Rosado 0-0: Ball
1-0: Called Strike
1-1: Fly out, F9 (Flyball, 89D)
Batting: SHB Víctor Serrano 0-0: Ball
1-0: Called Strike
1-1: Ground out 4-3 (Groundball, 4M)
Batting: LHB Santiago Márquez 0-0: Foul Ball, location: 2F
0-1: Ball
1-1: Foul Ball, location: 2F
1-2: SOLO HOME RUN (Flyball, 9D), Distance : 402 ft
Batting: RHB Luis Cruz 0-0: Ball
1-0: Ball
2-0: Called Strike
2-1: Ball
3-1: Swinging Strike
3-2: Foul Ball, location: 2F
3-2: Foul Ball, location: 2F
3-2: Strikes out swinging
Bottom of the 4th over - 1 run, 1 hit, 0 errors, 0 left on base; Irvine 5 - Nevada 8
TOP OF THE 5TH
Irvine Gang Green batting - Pitching for Nevada Noise : RHP Cliff Long
Batting: LHB Leonardo Medina 0-0: SOLO HOME RUN (Flyball, 9LD), Distance : 384 ft
Batting: LHB Tony Tavárez 0-0: Called Strike
0-1: Ball
1-1: Ground out 4-3 (Groundball, 4)
Batting: RHB Buck Jones 0-0: Called Strike
0-1: Ball
1-1: Ball
2-1: Fly out, F7 (Line Drive, 78M)
Batting: LHB Víctor Quiñones 0-0: Foul Ball, location: 2F
0-1: Ground out U3 (Groundball, 3)
Top of the 5th over - 1 run, 1 hit, 0 errors, 0 left on base; Irvine 6 - Nevada 8
BOTTOM OF THE 5TH
Nevada Noise batting - Pitching for Irvine Gang Green : RHP Dae-ho Kim
Batting: LHB Milton Watson 0-0: Foul Ball, location: 2F
0-1: Fly out, F7 (Flyball, 7LDF)
Batting: RHB Rich Ruffin 0-0: DOUBLE (Line Drive, 89D)
Batting: RHB Fernando Gálvez 0-0: Intentional Walk
Batting: RHB Bill Mark 0-0: Called Strike
0-1: Fly out, F8 (Line Drive, 8RM)
Batting: RHB Max Jones 0-0: Ball
1-0: Called Strike
1-1: Swinging Strike
1-2: Foul Ball, location: 2F
1-2: 3-RUN HOME RUN (Flyball, 7LD), Distance : 401 ft
Batting: RHB Pedro Rosado 0-0: Fly out, F7 (Line Drive, 7)
Bottom of the 5th over - 3 runs, 2 hits, 0 errors, 0 left on base; Irvine 6 - Nevada 11
TOP OF THE 6TH
Irvine Gang Green batting - Pitching for Nevada Noise : RHP Cliff Long
Pitching: LHP Miguel Galván
Batting: RHB Tyler Wagner 0-0: Foul Ball, location: 2F
0-1: Called Strike
0-2: Ball
1-2: SINGLE (Groundball, 6D)
Batting: RHB José Salazar 0-0: Ball
1-0: Ball
2-0: Called Strike
2-1: Foul Ball, location: 2F
2-2: Ball
3-2: SINGLE (Groundball, 6D)
Tyler Wagner to second
Tyler Wagner to third
Batting: LHB Dave Gordon 0-0: Called Strike
0-1: Swinging Strike
0-2: Ball
1-2: Fly out, F5 (Popup, 6S)
Batting: LHB José Sánchez 0-0: Ball
1-0: Ball
2-0: Grounds out, U3 (Groundball, 3L)
Tyler Wagner scores
Batting: SHB Carlos Córdova 0-0: Foul Ball, location: 2F
0-1: Fly out, F8 (Flyball, 78XD)
Top of the 6th over - 1 run, 2 hits, 0 errors, 1 left on base; Irvine 7 - Nevada 11
BOTTOM OF THE 6TH
Nevada Noise batting - Pitching for Irvine Gang Green : RHP Dae-ho Kim
Pitching: LHP Yu-shu Kong
Batting: SHB Víctor Serrano 0-0: Called Strike
0-1: Swinging Strike
0-2: Ball
1-2: SINGLE (Flyball, 9S)
Batting: LHB Santiago Márquez 0-0: Ground out 3-1 (Groundball, 34S)
Víctor Serrano to second
Batting: RHB Luis Cruz 0-0: Intentional Walk
Batting: LHB Milton Watson 0-0: Ball
1-0: Ball
2-0: Called Strike
2-1: Fly out, F7 (Flyball, 78S)
Batting: RHB Rich Ruffin 0-0: Fly out, F9 (Flyball, 9S)
Bottom of the 6th over - 0 runs, 1 hit, 0 errors, 2 left on base; Irvine 7 - Nevada 11
TOP OF THE 7TH
Irvine Gang Green batting - Pitching for Nevada Noise : LHP Miguel Galván
Batting: LHB Leonardo Medina 0-0: Called Strike
0-1: Called Strike
0-2: Strikes out swinging
Batting: LHB Tony Tavárez 0-0: Called Strike
0-1: Swinging Strike
0-2: Strikes out looking
Batting: RHB Buck Jones 0-0: Foul Ball, location: 2F
0-1: Ball
1-1: Fly out, F8 (Flyball, 8LXD)
Top of the 7th over - 0 runs, 0 hits, 0 errors, 0 left on base; Irvine 7 - Nevada 11
BOTTOM OF THE 7TH
Nevada Noise batting - Pitching for Irvine Gang Green : LHP Yu-shu Kong
Batting: RHB Fernando Gálvez 0-0: Ball
1-0: Called Strike
1-1: Ball
2-1: Fly out, F8 (Flyball, 8LXD)
Batting: RHB Bill Mark 0-0: Called Strike
0-1: Ball
1-1: SINGLE (Line Drive, 34)
Batting: RHB Max Jones 0-0: Grounds into double play, 6-4-3 (Groundball, 56)
Bottom of the 7th over - 0 runs, 1 hit, 0 errors, 0 left on base; Irvine 7 - Nevada 11
TOP OF THE 8TH
Irvine Gang Green batting - Pitching for Nevada Noise : LHP Miguel Galván
Batting: LHB Víctor Quiñones 0-0: Foul Ball, location: 2F
0-1: Ball
1-1: Foul Ball, location: 2F
1-2: Ball
2-2: Strikes out swinging
Batting: RHB Tyler Wagner 0-0: Ball
1-0: Fly out, F9 (Flyball, 9S)
Batting: RHB José Salazar 0-0: Ball
1-0: Called Strike
1-1: Foul Ball, location: 2F
1-2: Ball
2-2: Foul Ball, location: 2F
2-2: Fly out, F8 (Flyball, 8LS)
Top of the 8th over - 0 runs, 0 hits, 0 errors, 0 left on base; Irvine 7 - Nevada 11
BOTTOM OF THE 8TH
Nevada Noise batting - Pitching for Irvine Gang Green : LHP Yu-shu Kong
Batting: RHB Pedro Rosado 0-0: Foul Ball, location: 2F
0-1: Ground out 5-3 (Groundball, 5L)
Batting: SHB Víctor Serrano 0-0: Foul Ball, location: 2F
0-1: Foul Ball, location: 2F
0-2: Fly out, F7 (Flyball, 7LS)
Batting: LHB Santiago Márquez 0-0: Ball
1-0: Ball
2-0: Called Strike
2-1: Ball
3-1: Called Strike
3-2: Ground out U3 (Groundball, 3L)
Bottom of the 8th over - 0 runs, 0 hits, 0 errors, 0 left on base; Irvine 7 - Nevada 11
TOP OF THE 9TH
Irvine Gang Green batting - Pitching for Nevada Noise : LHP Miguel Galván
Pitching: LHP Mark Murchison
Batting: LHB Dave Gordon 0-0: Ball
1-0: Ground out 6-3 (Groundball, 6)
Batting: LHB José Sánchez 0-0: Called Strike
0-1: Ground out 3-1 (Groundball, 34)
Batting: SHB Carlos Córdova 0-0: Called Strike
0-1: Called Strike
0-2: Ball
1-2: Ball
2-2: Ball
3-2: Strikes out swinging
Top of the 9th over - 0 runs, 0 hits, 0 errors, 0 left on base; Irvine 7 - Nevada 11
Saturday, December 16th, 2017 - OOTP Baseball 18.8 Build 76